 Dungeon Crawl Stone Soup version 0.25.0-26-g0c896c7088 (webtiles) character file.

Game seed: 4306323132456295866

21 Gwenloh the Grasshopper (level 3, 0/24 HPs)
             Began as a Halfling Warper on July 4, 2020.
             Slain by a kobold
             ... wielding a +0 whip
              (3 damage)
             ... on level 1 of the Dungeon.
             The game lasted 00:04:29 (1056 turns).

Gwenloh the Grasshopper (Halfling Warper)           Turns: 1056, Time: 00:04:29

Health: 0/24       AC:  3    Str: 12    XL:     3   Next: 5%
Magic:  3/5        EV: 14    Int: 12    God:
Gold:   30         SH:  0    Dex: 13    Spells: 1/5 levels left

rFire    . . .     SeeInvis .   a - +0 short sword
rCold    . . .     Gourm    .   (shield restricted)
rNeg     . . .     Faith    .   b - +0 leather armour
rPois    .         Spirit   .   (no helmet)
rElec    .         Reflect  .   (no cloak)
rCorr    .         Harm     .   (no gloves)
MR       .....                  (no boots)
Stlth    +.........             (no amulet)
HPRegen  0.08/turn              (no ring)
MPRegen  0.09/turn              (no ring)

@: very slightly contaminated
A: small, mutation resistance 1
a: no special abilities


You were on level 1 of the Dungeon.
You were hungry.

You visited 1 branch of the dungeon, and saw 2 of its levels.

You collected 30 gold pieces.

Inventory:

Hand Weapons
 a - a +0 short sword (weapon)
Missiles
 c - 11 stones (quivered)
 e - 4 boomerangs of dispersal
Armour
 b - a +0 leather armour (worn)
Scrolls
 d - a scroll of blinking
 i - 2 scrolls of identify {unknown}
Potions
 h - a potion of stabbing {unknown}
 j - a potion of magic {unknown}
Comestibles
 f - 2 rations
 g - 7 chunks of flesh


   Skills:
 + Level 2.0 Fighting
 + Level 2.7 Short Blades
 + Level 1.3 Throwing
 + Level 1.5 Armour
 + Level 2.4 Dodging
 - Level 1.5 Spellcasting
 + Level 0.5 Charms
 + Level 3.3 Translocations


You had one spell level left.
You knew the following spells:

 Your Spells              Type           Power        Failure   Level  Hunger
a - Blink                 Tloc           N/A          14%         2    ###....
b - Shroud of Golubria    Chrm/Tloc      #.....       24%         2    ###....

Your spell library contained the following spells:

 Spells                   Type           Power        Failure   Level  Hunger
 Gell's Gravitas          Tloc           #.........   26%         3    ####...
 Lesser Beckoning         Tloc           #.........   26%         3    ####...
 Teleport Other           Tloc           #.......     26%         3    ####...
 Passage of Golubria      Tloc           N/A          65%         4    #####..


Dungeon Overview and Level Annotations

Branches:
Dungeon (2/15)

Altars:


Innate Abilities, Weirdness & Mutations

You are small and have problems with some larger weapons.
You are somewhat resistant to further mutation.


Message History

You climb upwards.
There is a stone staircase leading down here.
Cast which spell? (? or * to list)
The spell is quite dangerous to cast (24% risk of failure)!
Continue anyway?
You miscast Shroud of Golubria.
You are very lightly contaminated with residual magic.
Nothing appears to happen.
You are feeling hungry.
The kobold hits you but does no damage.
You are too injured to fight recklessly!
You are too injured to fight recklessly!
You are too injured to fight recklessly!
You are too injured to fight recklessly!
You closely miss the kobold. The kobold misses you.
You barely miss the kobold. The kobold barely misses you.
You miss the kobold. The kobold hits you with a +0 whip.
You barely miss the kobold. The kobold hits you with a +0 whip.
* * * LOW HITPOINT WARNING * * *
You hit the kobold but do no damage. The kobold hits you with a +0 whip.
You die...

..# #.###.........# #...#.## #.#
#.# #.....#######..###.. #.#
#.###.##..).≈≈≈≈#.#.#.## #.#
#.....##....≈≈≈≈≈.##.### #.#
#.###.##....≈≈≈≈≈....###
#.########.# #.##....≈≈≈≈≈.#.....
#..........###.##..<.≈..≈≈.#.####
##########.....##K.....≈≈≈.#.# #
# #....#...@......≈≈≈.#.# #
#.###.####..≈...≈≈≈.#.# # #.# #.#
##≈≈..≈≈≈#...# # ####.###.##
#≈≈≈≈≈≈≈#.### # #.........#
#########.# # #.##.###..# #.#
#### #####.##.###..#######
#.###... ........)...........#
#.÷...## .#####.#.###..#####.#
#)#####


You could see a kobold.

Vanquished Creatures
  A worm (D:2)
  2 giant cockroaches (D:1)
  2 hobgoblins (D:1)
  3 kobolds (D:1)
  A ball python (D:1)
  3 bats (D:1)
  2 frilled lizards (D:1)
  3 goblins (D:1)
  3 rats (D:1)
20 creatures vanquished.

Notes
Turn   | Place    | Note
-------+----------+-------------------------------------------
     0 | D:1      | Gwenloh the Halfling Warper began the quest for the Orb.
     0 | D:1      | Reached XP level 1. HP: 14/14 MP: 3/3
   259 | D:1      | Reached XP level 2. HP: 18/19 MP: 4/4
   263 | D:1      | Learned a level 2 spell: Blink
   266 | D:1      | Learned a level 2 spell: Shroud of Golubria
  1011 | D:2      | Reached XP level 3. HP: 9/24 MP: 5/5
  1056 | D:1      | Slain by a kobold

Illustrated notes

Levels and vault maps discovered:
D:1:      dpeg_arrival_pond, layout_loops_ring
D:2:      layout_basic, kennysheep_generic_room_2

Skill      XL: |  1  2 |
---------------+-------+-----
Fighting       | 2 |  2.0
Short Blades   | |  2.7
Throwing       | |  1.3
Armour         | |  1.5
Dodging        | |  2.4
Spellcasting   | |  1.5
Charms         | |  0.5
Translocations | |  3.3

Action                   || total
-------------------------++-------
Melee: Short sword       ||    76
Throw: Stone             ||    58
       Boomerang         ||     1
Armor: Leather armour    ||     8
Dodge: Dodged            ||    55
